 Dungeon Crawl Stone Soup version 0.31-a0-232-gb1c03b2570 (webtiles) character file.

Game seed: 4310402264729520601

90 qw the Shooter (level 4, -1/26 HPs)
             Began as a Gargoyle Hexslinger on July 7, 2023.
             Slain by Terence
             ... wielding a +0 flail
              (3 damage)
             ... on level 2 of the Dungeon.
             The game lasted 00:00:37 (1725 turns).

qw the Shooter (Gargoyle Hexslinger)                Turns: 1725, Time: 00:00:37

Health: -1/26      AC:  8    Str: 11    XL:     4   Next: 56%
Magic:  5/5        EV: 11    Int: 14    God:
Gold:   189        SH:  0    Dex: 14    Spells: 4/5 levels left

rFire   . . .        Y - +3 sling
rCold   . . .        (no shield)
rNeg    + . .        k - +0 leather armour
rPois   inf          (no helmet)
rElec   +            m - +0 cloak
rCorr   .            (no gloves)
SInv    .            g - +0 pair of boots
Will    .....        (no amulet)
Stlth   +            (no ring)
HPRegen 0.24/turn    (no ring)
MPRegen 0.09/turn

%: no passive effects
@: brilliant
A: sickness immunity, AC +3, negative energy resistance 1, electricity
resistance, torment resistance 1, petrification resistance
a: no special abilities


You were on level 2 of the Dungeon.
You visited 1 branch of the dungeon, and saw 3 of its levels.

You collected 189 gold pieces.


Innate Abilities, Weirdness & Mutations

You are immune to sickness and miasma.
Your stone body is resilient. (AC +3)
You are immune to poison.
You resist negative energy. (rN+)
You are resistant to electric shocks. (rElec)
You are resistant to unholy torment.
You are immune to petrification.


   Skills:
 - Level 2.0 Fighting
 + Level 4.3 Ranged Weapons
 - Level 1.5 Dodging
 - Level 1.0 Spellcasting
 - Level 2.6 Hexes


You had 4 spell levels left.
You knew the following spells:

 Your Spells              Type           Power      Damage    Failure   Level
a - Slow                  Hex            48%        N/A       12%         1

Your spell library contained the following spells:

 Spells                   Type           Power      Damage    Failure   Level
 Inner Flame              Hex/Fire       6%         N/A       52%         3
 Portal Projectile        Hex/Tloc       12%        N/A       52%         3
 Cause Fear               Hex            6%         N/A       75%         4

Inventory:

Hand Weapons
 Y - a +3 sling (weapon)
Armour
 g - a +0 pair of boots (worn)
 k - a +0 leather armour (worn)
 m - a +0 cloak (worn)
Scrolls
 a - 3 scrolls of teleportation
Potions
 d - a potion of heal wounds {unknown}
 e - a potion of invisibility {unknown}
 h - a potion of enlightenment
 i - a potion of haste {unknown}
 j - a potion of ambrosia {unknown}

Dungeon Overview and Level Annotations

Branches:
Dungeon (3/15)

Altars:

Annotations:
D:2 Terence


Message History

Terence is moderately wounded.
Terence barely misses you.
You shoot a sling bullet. The sling bullet barely misses Terence.
Terence barely misses you.
You shoot a sling bullet.
The sling bullet closely misses Terence.
Terence closely misses you.
You shoot a sling bullet. The sling bullet hits Terence!
Terence is severely wounded.
Terence misses you. Terence barely misses you.
You shoot a sling bullet. The sling bullet barely misses Terence.
Terence asks, "Do you want it fast or slow?"
Terence misses you.
You shoot a sling bullet.
The sling bullet closely misses Terence.
Terence hits you with a +0 flail.
You shoot a sling bullet.
The sling bullet hits Terence but does no damage.
Terence is severely wounded.
Terence barely misses you.
You shoot a sling bullet.
The sling bullet hits Terence but does no damage.
Terence is severely wounded.
Terence misses you. Terence completely misses you.
You shoot a sling bullet.
The sling bullet hits Terence but does no damage.
Terence is severely wounded.
Terence hits you with a +0 flail.
You shoot a sling bullet.
The sling bullet hits Terence but does no damage.
Terence is severely wounded.
Terence misses you.
You shoot a sling bullet.
The sling bullet closely misses Terence.
Terence says, "Rest in peace."
Terence barely misses you.
You shoot a sling bullet. The sling bullet hits Terence.
Terence is almost dead.
Terence hits you with a +0 flail! Terence hits you with a +0 flail.
You die...

.........##
...#####..# ...# ##.#
...# 7.7
...####77.77####
#####..........#
#..#77.77##.# ####..#
7.7 ##.##############
......#
#.###...@...........#
#####.#
#)#.####@.#########.#
#.#
#......#..#...##..#.#
#.#
###....#..#.#.##..#.#
#.#
#...........##..#.#
#.#
###......#..####..#.#
#.# #...####.#..#
#..#.# #.###.###
#.#.<# #..#%#
##.##..#
#.#.#####..#.#


You could see Terence.

Vanquished Creatures
  Natasha (twice) (D:2)
  A worm (D:2)
  An orc (D:3)
  7 endoplasms
  2 giant cockroaches (D:1)
  5 goblins
  3 hobgoblins
  A quokka (D:1)
  4 bats
  2 frilled lizards
  4 kobolds
  2 rats (D:1)
34 creatures vanquished.

Notes
Turn   | Place    | Note
-------+----------+-------------------------------------------
     0 | D:1      | qw the Gargoyle Hexslinger began the quest for the Orb.
     0 | D:1      | Reached XP level 1. HP: 12/12 MP: 2/2
     0 | D:1      | 0 ||| qw: Version: 0.3-a-46-gb1f654a
     0 | D:1      | 0 ||| qw: Game counter: 2552
     0 | D:1      | 0 ||| qw: Melee chars always use a shield: true
     0 | D:1      | 0 ||| qw: God list: Okawaru
     0 | D:1      | 0 ||| qw: Allow faded altars: false
     0 | D:1      | 0 ||| qw: Do Orc after clearing Dungeon:15 true
     0 | D:1      | 0 ||| qw: Do second Lair branch before Depths: true
     0 | D:1      | 0 ||| qw: Lair rune preference: random
     0 | D:1      | 0 ||| qw: Goals: Normal
     0 | D:1      | 0 ||| PLANNING D:1-11
    46 | D:1      | Reached XP level 2. HP: 16/16 MP: 3/3
    57 | D:1      | Found a faded altar of an unknown god.
   184 | D:1      | Reached skill level 3 in Ranged Weapons
   559 | D:1      | Reached XP level 3. HP: 21/21 MP: 4/4
   728 | D:1      | 728 ||| UPGRADING to +0 pair of boots.
   733 | D:1      | 733 ||| UPGRADING to +0 leather armour.
   743 | D:1      | 743 ||| DROPPING +0 robe.
   744 | D:1      | 744 ||| READING 2 scrolls labelled TIJYDU SI LIE.
   747 | D:1      | 747 ||| READING scroll labelled LIFEOFRIYNA.
   748 | D:1      | 748 ||| DRINKING 2 sedimented red potions.
   749 | D:1      | 749 ||| DROPPING scroll of poison.
   841 | D:2      | 841 ||| READING scroll of enchant weapon.
   841 | D:2      | 841 ||| ENCHANTING +2 sling.
  1196 | D:2      | Noticed Natasha
  1208 | D:2      | Killed Natasha
  1349 | D:2      | Noticed Natasha
  1359 | D:2      | Killed Natasha
  1360 | D:2      | Reached skill level 4 in Ranged Weapons
  1360 | D:2      | Reached XP level 4. HP: 16/26 MP: 5/5
  1669 | D:2      | 1669 ||| UPGRADING to +0 cloak.
  1674 | D:2      | 1674 ||| DROPPING ring of wizardry.
  1675 | D:2      | 1675 ||| READING scroll labelled EXIXTU JADGH.
  1676 | D:2      | 1676 ||| READING scroll labelled PUHEFU AGYO.
  1677 | D:2      | 1677 ||| READING scroll labelled TIQ XACWIAM.
  1678 | D:2      | 1678 ||| DRINKING 2 fizzy green potions.
  1679 | D:2      | 1679 ||| DROPPING potion of brilliance.
  1701 | D:3      | Noticed Terence
  1702 | D:3      | 1702 ||| PLANNING SEWER
  1708 | D:3      | 1708 ||| STAIRDANCE
  1725 | D:2      | HP: 2/26 [Terence/+0 flail (7)]
  1725 | D:2      | Slain by Terence

Levels and vault maps discovered:
D:1:      mushboom_english_gardens, layout_loops_cross,
          ebering_ecumenical_altar_rust, kennysheep_minor_cross,
          minmay_gold_behind_fungi
D:2:      layout_basic, minmay_tree_intersection, patterned_corridor,
          uniq_natasha
D:3:      layout_loops_ring, minitemple, portal_sewer_entry_d, serial_shops,
          shop, uniq_terence, uniq_sigmund

Skill      XL: |  1  2  3 |
---------------+----------+-----
Ranged Weapons | 3 4 |  4.3
Fighting       | 2 |  2.0
Dodging        | |  1.5
Spellcasting   | |  1.0
Hexes          | |  2.6

Action                     |  1- 3 |  4- 6 || total
---------------------------+-------+-------++-------
   Fire: Sling             |   101 |    35 ||   136
    Use: Scroll            |     3 |     3 ||     6
         Potion            |     1 |     1 ||     2
 Armour: Robe              |    11 |       ||    11
         Leather armour    |     4 |     1 ||     5
  Dodge: Dodged            |    34 |    21 ||    55

Table legend:
 A = Non-vault XP
 B = Vault XP
 C = Vault XP percentage of total XP
 D = Non-vault monster count
 E = Vault monster count
 F = Vault count percentage of total count
                 A         B        C        D         E       F
            +---------+---------+-------+---------+---------+-------
      Total |      94 |      35 |  27.1 |      33 |       1 |   2.9
            +---------+---------+-------+---------+---------+-------
        D:1 |      34 |       0 |   0.0 |      20 |       0 |   0.0
        D:2 |      55 |      35 |  38.9 |      11 |       1 |   8.3
        D:3 |       5 |       0 |   0.0 |       2 |       0 |   0.0
            +---------+---------+-------+---------+---------+-------
